 Dungeon Crawl Stone Soup version 0.25.1-1-g288607f5aa (webtiles) character file.

Game seed: 16008521895355386816

101 Kold the Cudgeler (level 4, -1/33 HPs)
             Began as a Demonspawn Gladiator on July 23, 2020.
             Slain by a gnoll
             ... wielding a +0 spear
              (5 damage)
             ... on level 3 of the Dungeon on July 24, 2020.
             The game lasted 00:03:18 (2441 turns).

Kold the Cudgeler (Demonspawn Gladiator)            Turns: 2441, Time: 00:03:18

Health: -1/33      AC:  4    Str: 15    XL:     4   Next: 48%
Magic:  0/4        EV: 13    Int: 10    God:
Gold:   71         SH:  4    Dex: 14    Spells: 3/3 levels left

rFire    . . .     SeeInvis .   a - +0 flail
rCold    . . .     Gourm    .   (no shield)
rNeg     . . .     Faith    .   b - +0 leather armour
rPois    .         Spirit   +   c - +0 helmet
rElec    .         Reflect  .   (no cloak)
rCorr    .         Harm     .   (no gloves)
MR       .....                  (no boots)
Stlth    +.........             (no amulet)
HPRegen  0.11/turn              (no ring)
MPRegen  0.09/turn              (no ring)

@: no status effects
A: large bone plates 1, magic shield
a: no special abilities


You were on level 3 of the Dungeon.
You were not hungry.

You visited 1 branch of the dungeon, and saw 3 of its levels.

You collected 71 gold pieces.

Inventory:

Hand Weapons
 a - a +0 flail (weapon)
Missiles
 d - 3 throwing nets (quivered)
Armour
 b - a +0 leather armour (worn)
 c - a +0 helmet (worn)
Scrolls
 e - 3 scrolls of identify {unknown}
 g - 4 scrolls of remove curse {unknown}
 h - a scroll of magic mapping {unknown}
 i - 2 scrolls of amnesia {unknown}
 j - a scroll of fear {unknown}
 k - a scroll of teleportation {unknown}
 m - 3 scrolls of enchant weapon {unknown}
 o - a scroll of random uselessness {unknown}
Potions
 l - a potion of flight {unknown}
 n - 2 potions of curing {unknown}
 p - a potion of berserk rage {unknown}
 q - a potion of heal wounds {unknown}
Comestibles
 f - 8 rations


   Skills:
 - Level 2.0 Fighting
 + Level 4.7 Maces & Flails
 - Level 1.7 Throwing
 - Level 3.0 Dodging


You had 3 spell levels left.
You didn't know any spells.
Your spell library was empty.

Dungeon Overview and Level Annotations

Branches:
Dungeon (3/15)

Altars:
Ashenzari
Nemelex Xobeh


Innate Abilities, Weirdness & Mutations

You are partially covered in large bone plates. (SH +4)
When hurt, damage is shared between your health and your magic reserves.


Message History

The gnoll hits you from afar with a +0 spear.
The gnoll hits you with a +0 halberd. The gnoll hits you with a +0 spear.
You see here a whip.
You sock the gnoll!
The gnoll is severely wounded.
You block the gnoll's attack.
The gnoll hits you from afar with a +0 spear.
The gnoll misses you. The gnoll closely misses you. The gnoll hits you.
* * * LOW HITPOINT WARNING * * *
You hit the gnoll.
The gnoll is almost dead.
The gnoll barely misses you. The gnoll closely misses you.
The gnoll hits you with a +0 halberd.
* * * LOW HITPOINT WARNING * * *
The gnoll misses you. The gnoll closely misses you.
You hit the gnoll.
You kill the gnoll!
You block the gnoll's attack. The gnoll closely misses you.
The gnoll hits you from afar with a +0 spear.
You die...

############ .
#..........#
...#..g.......#
##.....†g.....#######
......g@............#
.....###.#####......#
### ...#####......#
###............# #
#.#####......# #.
#..# #......# #..
##.####......#
#..##.#.....#####
#..........#


You could see 3 gnolls.

Vanquished Creatures
  A gnoll (D:3)
  2 adders (D:2)
  3 oozes (D:2)
  3 dart slugs
  2 leopard geckos
  An orc (D:2)
  A ball python (D:2)
  6 bats
  4 giant cockroaches
  5 goblins
  6 hobgoblins
  4 kobolds
  3 quokkas (D:2)
  7 frilled lizards
  4 rats
52 creatures vanquished.

Notes
Turn   | Place    | Note
-------+----------+-------------------------------------------
     0 | D:1      | Kold the Demonspawn Gladiator began the quest for the Orb.
     0 | D:1      | Reached XP level 1. HP: 16/16 MP: 1/1
   133 | D:1      | Found a shattered altar of Ashenzari.
   367 | D:1      | Reached skill level 3 in Maces & Flails
   367 | D:1      | Gained mutation: You are partially covered in large bone
                  | plates. (SH +4) [demonic ancestry]
   367 | D:1      | Reached XP level 2. HP: 22/22 MP: 2/2
   891 | D:2      | Reached XP level 3. HP: 17/27 MP: 3/3
  1011 | D:2      | Reached skill level 4 in Maces & Flails
  1485 | D:2      | Gained mutation: When hurt, damage is shared between your
                  | health and your magic reserves. [demonic ancestry]
  1485 | D:2      | Reached XP level 4. HP: 23/33 MP: 4/4
  1894 | D:2      | Found a sparkling altar of Nemelex Xobeh.
  2441 | D:3      | Slain by a gnoll

Illustrated notes

Levels and vault maps discovered:
D:1:      lightli_arrival_boilingwater, layout_loops_cross,
          kennysheep_decorative_pillar, nicolae_ashenzari_panopticon
D:2:      layout_basic, old_standard_altar, first_ration
D:3:      layout_rooms

Skill      XL: |  1  2  3 |
---------------+----------+-----
Maces & Flails | 3 4 |  4.7
Dodging        | 3 |  3.0
Fighting       | |  2.0
Throwing       | |  1.7

Action                   |  1- 3 |  4- 6 || total
-------------------------+-------+-------++-------
Melee: Flail             |   121 |    55 ||   176
  Eat: Chunk             |     2 |     3 ||     5
Armor: Leather armour    |    39 |    14 ||    53
Dodge: Dodged            |    92 |    48 ||   140
Block: Other             |    19 |    15 ||    34
